[ AOE2 MATCH · #497066756 ]
UnrankedJurchens vs Lithuanians
[ REPLAY ANALYSIS · EXTRACTED FROM THE RECORDED GAME ]
Feudal
10:18
Castle
17:19
Imperial
37:02
| APM avg | 19.0 |
| APM peak | 50 |
| eAPM avg | 12.8 |
| Villagers / military | 93 / 148 |
Focus
⚔️ 33.7% · 🌾 66.3%
Unknown (1911) ×190 · Steppe Lancer ×69 · Spearman ×45 · Fishing Ship ×19 · Fire Lancer ×15 · Battering Ram ×9
Feudal
10:13
Castle
20:59
Imperial
42:10
| APM avg | 34.3 |
| APM peak | 91 |
| eAPM avg | 16.9 |
| Villagers / military | 152 / 299 |
Focus
⚔️ 42.2% · 🌾 57.8%
Skirmisher ×127 · Knight ×109 · Scout Cavalry ×30 · Fishing Ship ×9 · Battering Ram ×9 · Mangonel ×8
Feudal
10:29
Castle
17:34
Imperial
50:08
| APM avg | 29.7 |
| APM peak | 67 |
| eAPM avg | 17.1 |
| Villagers / military | 121 / 227 |
Focus
⚔️ 40.6% · 🌾 59.4%
Longbowman ×134 · Spearman ×80 · Battering Ram ×6 · Trebuchet (Packed) ×5 · Monk ×2
Feudal
10:51
Castle
24:57
Imperial
—
| APM avg | 21.3 |
| APM peak | 157 |
| eAPM avg | 18.4 |
| Villagers / military | 166 / 102 |
Focus
⚔️ 11.6% · 🌾 88.4%
Knight ×42 · Skirmisher ×22 · Scout Cavalry ×16 · Obuch ×14 · Cavalry Archer ×5 · Spearman ×3
Feudal
10:36
Castle
21:11
Imperial
36:04
| APM avg | 50.0 |
| APM peak | 114 |
| eAPM avg | 21.7 |
| Villagers / military | 180 / 600 |
Focus
⚔️ 33.1% · 🌾 66.9%
Skirmisher ×443 · Knight ×57 · Mangudai ×34 · Scout Cavalry ×24 · Cavalry Archer ×15 · Trebuchet (Packed) ×13
Feudal
12:22
Castle
16:17
Imperial
36:53
| APM avg | 14.4 |
| APM peak | 48 |
| eAPM avg | 8.6 |
| Villagers / military | 93 / 190 |
Focus
⚔️ 41.1% · 🌾 58.9%
Knight ×140 · Skirmisher ×50 · Trade Cart ×13
Feudal
10:10
Castle
18:37
Imperial
33:13
| APM avg | 20.6 |
| APM peak | 50 |
| eAPM avg | 12.4 |
| Villagers / military | 121 / 318 |
Focus
⚔️ 53.8% · 🌾 46.2%
Spearman ×120 · Militia ×100 · Berserk ×66 · Battering Ram ×24 · Trebuchet (Packed) ×8
Feudal
11:36
Castle
21:07
Imperial
68:06
| APM avg | 22.3 |
| APM peak | 56 |
| eAPM avg | 16.3 |
| Villagers / military | 149 / 480 |
Focus
⚔️ 40.9% · 🌾 59.1%
Gbeto ×267 · Scout Cavalry ×149 · Spearman ×49 · Trade Cart ×30 · Fishing Ship ×14 · Militia ×7
Match map
Initial resources + every placement click. Lines = walls · curves = elevation contours. ◆ gold · ⬟ stone · ● berries · ✦ relic · ◌ wall gap
Your base· Open — unwalled flank
nacho.joyita's base· Open — unwalled flank
vitavidal91's base· Open — unwalled flank
Andresvq7's base· Open — unwalled flank
MataLokas4216's base· Open — unwalled flank
tatomagallanes's base· Open — unwalled flank
Salvatoremancuso's base· Open — unwalled flank
felipegarcia92's base· Open — unwalled flank
Smoothed initial terrain · ◌ = detected wall gap · hover for details
Inputs per minute
— GuilleLeopold17 - - nacho.joyita
Build order — GuilleLeopold17
First 150 of 405 actions detected
| 0:01 | Queue | Villager (Male) |
| 0:01 | Queue | Villager (Male) |
| 0:01 | Queue | Villager (Male) |
| 0:02 | Build | House |
| 0:06 | Build | House |
| 0:19 | Queue | Villager (Male) |
| 0:20 | Queue | Villager (Male) |
| 1:36 | Queue | Villager (Male) |
| 1:50 | Queue | Villager (Male) |
| 2:04 | Queue | Villager (Male) |
| 2:18 | Build | Lumber Camp |
| 3:05 | Queue | Villager (Male) |
| 3:18 | Queue | Villager (Male) |
| 3:34 | Build | House |
| 3:35 | Build | House |
| 3:41 | Queue | Villager (Male) |
| 3:41 | Queue | Villager (Male) |
| 4:03 | Queue | Villager (Male) |
| 4:27 | Queue | Villager (Male) |
| 4:30 | Queue | Villager (Male) |
| 5:00 | Research | Loom |
| 5:43 | Build | Dock |
| 5:48 | Queue | Villager (Male) |
| 6:06 | Queue | Villager (Male) |
| 6:06 | Queue | Villager (Male) |
| 6:06 | Queue | Villager (Male) |
| 7:28 | Build | Mining Camp |
| 7:34 | Queue | Villager (Male) |
| 7:39 | Queue | Fishing Ship |
| 7:39 | Queue | Fishing Ship |
| 7:43 | Queue | Fishing Ship |
| 7:53 | Queue | Villager (Male) |
| 8:08 | Research | Feudal Age |
| 8:24 | Build | House |
| 8:26 | Build | House |
| 8:44 | Queue | Fishing Ship |
| 9:51 | Build | Mill |
| 10:05 | Queue | Villager (Male) |
| 10:05 | Queue | Villager (Male) |
| 10:18 | Age | Feudal Age |
| 10:27 | Build | Barracks |
| 10:47 | Build | Stone Wall |
| 10:54 | Queue | Fishing Ship |
| 10:54 | Queue | Fishing Ship |
| 11:00 | Queue | Villager (Male) |
| 11:00 | Queue | Villager (Male) |
| 11:49 | Queue | Villager (Male) |
| 11:53 | Research | Double-Bit Axe |
| 12:18 | Build | Archery Range |
| 12:26 | Build | Stone Wall |
| 12:31 | Queue | Villager (Male) |
| 12:33 | Queue | Villager (Male) |
| 12:45 | Build | House |
| 13:28 | Build | Blacksmith |
| 13:33 | Queue | Villager (Male) |
| 13:34 | Queue | Villager (Male) |
| 13:45 | Queue | Fishing Ship |
| 13:46 | Queue | Fishing Ship |
| 13:46 | Research | Tech 906 |
| 14:11 | Queue | Spearman |
| 14:11 | Queue | Spearman |
| 14:11 | Queue | Spearman |
| 14:11 | Queue | Spearman |
| 14:39 | Research | Castle Age |
| 14:50 | Research | Loom |
| 15:07 | Build | Archery Range |
| 15:22 | Build | Market |
| 15:42 | Build | Farm |
| 15:43 | Build | Farm |
| 15:43 | Build | Farm |
| 15:43 | Build | Farm |
| 15:45 | Build | Farm |
| 15:45 | Build | Farm |
| 15:45 | Build | Farm |
| 16:07 | Queue | Archer |
| 16:07 | Queue | Archer |
| 16:13 | Build | House |
| 16:13 | Build | House |
| 16:14 | Build | House |
| 16:32 | Build | Farm |
| 16:32 | Build | Farm |
| 16:33 | Build | Farm |
| 16:33 | Build | Farm |
| 17:19 | Age | Castle Age |
| 17:38 | Build | Town Center |
| 17:50 | Queue | Unit 1911 |
| 17:50 | Queue | Unit 1911 |
| 17:50 | Queue | Unit 1911 |
| 17:59 | Queue | Villager (Male) |
| 17:59 | Queue | Villager (Male) |
| 18:00 | Queue | Villager (Male) |
| 18:04 | Build | Farm |
| 18:04 | Build | Farm |
| 18:39 | Queue | Unit 1911 |
| 19:06 | Queue | Unit 1911 |
| 19:17 | Build | Monastery |
| 19:24 | Build | Mining Camp |
| 19:30 | Research | Gold Mining |
| 19:38 | Queue | Villager (Male) |
| 19:38 | Queue | Villager (Male) |
| 19:38 | Queue | Villager (Male) |
| 19:42 | Queue | Villager (Male) ×5 |
| 19:49 | Queue | Fire Lancer |
| 19:50 | Queue | Fire Lancer |
| 19:50 | Queue | Fire Lancer |
| 20:06 | Queue | Fishing Ship |
| 20:07 | Queue | Fishing Ship |
| 20:17 | Queue | Villager (Male) |
| 20:17 | Queue | Villager (Male) |
| 20:28 | Queue | Villager (Male) |
| 20:29 | Queue | Villager (Male) |
| 20:36 | Queue | Monk |
| 20:52 | Build | University |
| 21:11 | Build | House |
| 21:14 | Build | House |
| 21:18 | Queue | Villager (Male) |
| 21:18 | Queue | Villager (Male) |
| 21:35 | Build | House |
| 21:45 | Research | Padded Archer Armor |
| 21:47 | Queue | Unit 1911 |
| 21:48 | Queue | Unit 1911 |
| 21:48 | Queue | Unit 1911 |
| 21:51 | Queue | Villager (Male) |
| 21:51 | Queue | Villager (Male) |
| 22:10 | Queue | Villager (Male) ×3 |
| 22:55 | Build | Town Center |
| 23:12 | Build | Dock |
| 23:23 | Queue | Villager (Male) ×5 |
| 23:29 | Queue | Unit 1911 |
| 23:30 | Queue | Unit 1911 |
| 23:30 | Queue | Unit 1911 |
| 23:52 | Build | House |
| 23:52 | Build | House |
| 23:52 | Build | House |
| 23:53 | Build | House |
| 23:53 | Build | House |
| 24:03 | Queue | Trade Cart |
| 24:03 | Queue | Trade Cart |
| 24:21 | Queue | Fishing Ship |
| 24:22 | Queue | Fishing Ship |
| 24:27 | Research | Gillnets |
| 26:02 | Queue | Unit 1911 |
| 26:02 | Queue | Unit 1911 |
| 26:02 | Queue | Unit 1911 |
| 26:02 | Queue | Unit 1911 |
| 26:42 | Queue | Villager (Male) ×5 |
| 27:10 | Queue | Unit 1911 ×5 |
| 27:10 | Queue | Unit 1911 ×5 |
| 27:17 | Build | Archery Range |
| 27:18 | Build | Archery Range |
Build order — nacho.joyita
First 150 of 648 actions detected
| 0:02 | Queue | Villager (Male) |
| 0:03 | Queue | Villager (Male) |
| 0:03 | Queue | Villager (Male) |
| 0:03 | Queue | Villager (Male) |
| 0:04 | Queue | Villager (Male) |
| 0:04 | Queue | Villager (Male) |
| 0:04 | Queue | Villager (Male) |
| 0:07 | Build | House |
| 0:09 | Build | House |
| 2:15 | Build | Lumber Camp |
| 2:18 | Queue | Villager (Male) |
| 2:41 | Queue | Villager (Male) |
| 3:18 | Queue | Villager (Male) |
| 3:25 | Queue | Villager (Male) |
| 4:18 | Queue | Villager (Male) |
| 4:40 | Build | Mill |
| 4:49 | Queue | Villager (Male) |
| 4:49 | Queue | Villager (Male) |
| 4:54 | Build | House |
| 4:56 | Build | House |
| 5:02 | Research | Loom |
| 5:03 | Queue | Villager (Male) |
| 5:44 | Build | Dock |
| 5:57 | Queue | Villager (Male) |
| 6:21 | Queue | Villager (Male) |
| 6:48 | Queue | Villager (Male) |
| 7:05 | Queue | Fishing Ship |
| 7:12 | Queue | Villager (Male) |
| 7:38 | Queue | Villager (Male) |
| 7:54 | Research | Feudal Age |
| 9:59 | Queue | Villager (Male) |
| 10:13 | Age | Feudal Age |
| 10:17 | Build | Barracks |
| 10:22 | Queue | Villager (Male) |
| 11:04 | Build | House |
| 11:07 | Build | Stable |
| 11:10 | Queue | Villager (Male) |
| 11:10 | Queue | Villager (Male) |
| 11:20 | Research | Double-Bit Axe |
| 11:32 | Queue | Fishing Ship |
| 11:45 | Build | Stable |
| 11:51 | Build | House |
| 11:53 | Build | House |
| 12:05 | Build | Farm |
| 12:06 | Build | Farm |
| 12:36 | Queue | Scout Cavalry |
| 12:36 | Queue | Scout Cavalry |
| 12:36 | Queue | Scout Cavalry |
| 12:36 | Queue | Scout Cavalry |
| 12:37 | Queue | Scout Cavalry |
| 12:49 | Build | Farm |
| 12:55 | Build | Farm |
| 12:57 | Queue | Villager (Male) |
| 12:57 | Queue | Villager (Male) |
| 12:58 | Queue | Villager (Male) |
| 13:09 | Queue | Fishing Ship |
| 13:09 | Queue | Fishing Ship |
| 14:08 | Queue | Scout Cavalry |
| 14:08 | Queue | Scout Cavalry |
| 14:08 | Queue | Scout Cavalry |
| 14:08 | Queue | Scout Cavalry |
| 14:14 | Queue | Villager (Male) |
| 14:14 | Queue | Villager (Male) |
| 14:14 | Queue | Villager (Male) |
| 15:27 | Queue | Villager (Male) |
| 15:27 | Queue | Villager (Male) |
| 15:27 | Queue | Villager (Male) |
| 15:32 | Build | House |
| 15:33 | Build | House |
| 15:33 | Build | House |
| 15:33 | Build | House |
| 15:34 | Build | House |
| 15:34 | Build | House |
| 15:34 | Build | House |
| 15:42 | Queue | Villager (Male) |
| 15:43 | Queue | Villager (Male) |
| 15:43 | Queue | Villager (Male) |
| 16:37 | Build | Market |
| 16:44 | Build | Blacksmith |
| 16:58 | Queue | Scout Cavalry |
| 16:58 | Queue | Scout Cavalry |
| 16:58 | Queue | Scout Cavalry |
| 17:24 | Build | Mining Camp |
| 18:19 | Research | Castle Age |
| 19:00 | Build | Farm |
| 19:00 | Build | Farm |
| 19:01 | Build | Farm |
| 19:01 | Build | Farm |
| 19:02 | Build | Farm |
| 19:02 | Build | Farm |
| 19:03 | Build | Farm |
| 19:10 | Build | Farm |
| 19:10 | Build | Farm |
| 19:11 | Build | Farm |
| 19:11 | Build | Farm |
| 19:11 | Build | Farm |
| 19:12 | Build | Farm |
| 19:12 | Build | Farm |
| 19:12 | Build | Farm |
| 19:13 | Build | Farm |
| 19:13 | Build | Farm |
| 19:13 | Build | Farm |
| 19:14 | Build | Farm |
| 19:14 | Build | Farm |
| 19:15 | Build | Farm |
| 19:15 | Build | Farm |
| 19:25 | Research | Horse Collar |
| 19:46 | Build | House |
| 19:56 | Build | Archery Range |
| 20:03 | Queue | Fishing Ship |
| 20:03 | Queue | Fishing Ship |
| 20:11 | Research | Bloodlines |
| 20:34 | Research | Scale Barding Armor |
| 20:36 | Research | Forging |
| 20:54 | Research | Gold Mining |
| 20:59 | Age | Castle Age |
| 21:03 | Build | Monastery |
| 21:10 | Queue | Villager (Male) |
| 21:10 | Queue | Villager (Male) |
| 21:17 | Queue | Knight |
| 21:17 | Queue | Knight |
| 21:26 | Queue | Fishing Ship |
| 21:26 | Queue | Fishing Ship |
| 21:26 | Queue | Fishing Ship |
| 22:09 | Queue | Monk |
| 22:10 | Queue | Monk |
| 22:10 | Queue | Monk |
| 22:25 | Build | Siege Workshop |
| 22:33 | Queue | Villager (Male) |
| 22:34 | Queue | Villager (Male) |
| 22:34 | Queue | Villager (Male) |
| 22:44 | Research | Bow Saw |
| 22:44 | Research | Bow Saw |
| 23:22 | Queue | Villager (Male) |
| 23:22 | Queue | Villager (Male) |
| 23:22 | Queue | Villager (Male) |
| 23:32 | Queue | Battering Ram |
| 23:32 | Queue | Battering Ram |
| 23:32 | Queue | Battering Ram |
| 23:36 | Queue | Skirmisher |
| 23:36 | Queue | Skirmisher |
| 23:36 | Queue | Skirmisher |
| 23:36 | Queue | Skirmisher |
| 23:37 | Queue | Skirmisher |
| 24:33 | Queue | Villager (Male) |
| 24:33 | Queue | Villager (Male) |
| 24:49 | Research | Husbandry |
| 24:49 | Queue | Knight |
| 24:50 | Queue | Knight |
| 24:50 | Queue | Knight |
Build order — vitavidal91
First 150 of 573 actions detected
| 0:02 | Queue | Villager (Male) |
| 0:02 | Queue | Villager (Male) |
| 0:03 | Build | House |
| 0:04 | Build | House |
| 0:43 | Queue | Villager (Male) |
| 1:14 | Queue | Villager (Male) |
| 1:31 | Queue | Villager (Male) |
| 1:49 | Queue | Villager (Male) |
| 2:08 | Queue | Villager (Male) |
| 2:38 | Queue | Villager (Male) |
| 3:14 | Queue | Villager (Male) |
| 3:46 | Queue | Villager (Male) |
| 4:11 | Queue | Villager (Male) |
| 4:30 | Queue | Villager (Male) |
| 4:42 | Build | House |
| 4:50 | Build | Mill |
| 4:53 | Queue | Villager (Male) |
| 5:17 | Queue | Villager (Male) |
| 6:14 | Build | House |
| 6:25 | Queue | Villager (Male) |
| 6:44 | Queue | Villager (Male) |
| 7:29 | Queue | Villager (Male) |
| 7:41 | Build | Lumber Camp |
| 7:51 | Queue | Villager (Male) |
| 8:11 | Queue | Villager (Male) |
| 8:17 | Research | Feudal Age |
| 10:20 | Queue | Villager (Male) |
| 10:29 | Age | Feudal Age |
| 10:44 | Build | Mining Camp |
| 10:48 | Queue | Villager (Male) |
| 11:00 | Build | House |
| 11:01 | Build | House |
| 11:02 | Build | House |
| 11:03 | Build | House |
| 11:04 | Build | House |
| 11:10 | Queue | Villager (Male) |
| 11:16 | Build | Blacksmith |
| 11:43 | Queue | Villager (Male) |
| 11:49 | Build | Stone Wall |
| 12:04 | Build | Stone Wall |
| 12:05 | Queue | Villager (Male) |
| 12:19 | Build | Farm |
| 12:21 | Build | Farm |
| 12:22 | Build | Farm |
| 12:23 | Build | Farm |
| 12:24 | Build | Farm |
| 12:30 | Queue | Villager (Male) |
| 12:51 | Build | Market |
| 12:57 | Queue | Villager (Male) |
| 13:05 | Build | Farm |
| 13:30 | Queue | Villager (Male) |
| 13:36 | Queue | Villager (Male) |
| 14:18 | Build | Barracks |
| 14:21 | Queue | Villager (Male) |
| 14:45 | Build | Barracks |
| 14:51 | Queue | Villager (Male) |
| 14:54 | Research | Castle Age |
| 15:26 | Build | House |
| 16:11 | Build | Stone Wall |
| 16:13 | Queue | Villager (Male) |
| 16:29 | Queue | Spearman |
| 16:37 | Queue | Spearman |
| 16:48 | Build | Farm |
| 17:02 | Queue | Spearman |
| 17:02 | Queue | Spearman |
| 17:34 | Age | Castle Age |
| 17:38 | Build | Stone Wall |
| 17:48 | Queue | Villager (Male) |
| 18:01 | Queue | Spearman |
| 18:12 | Queue | Spearman |
| 18:12 | Queue | Spearman |
| 18:12 | Queue | Spearman |
| 18:45 | Queue | Villager (Male) |
| 19:00 | Build | Farm |
| 19:13 | Queue | Villager (Male) |
| 19:14 | Queue | Villager (Male) |
| 19:47 | Build | Stone Wall |
| 19:55 | Queue | Villager (Male) |
| 20:12 | Build | Mining Camp |
| 20:23 | Queue | Villager (Male) |
| 20:50 | Queue | Villager (Male) |
| 21:13 | Queue | Villager (Male) |
| 21:41 | Build | Town Center |
| 21:45 | Queue | Villager (Male) |
| 21:45 | Queue | Villager (Male) |
| 21:48 | Queue | Villager (Male) |
| 22:23 | Build | Stone Wall |
| 22:25 | Queue | Villager (Male) |
| 22:40 | Queue | Villager (Male) |
| 22:40 | Queue | Villager (Male) |
| 22:41 | Queue | Villager (Male) |
| 22:41 | Queue | Villager (Male) |
| 23:02 | Queue | Villager (Male) |
| 23:31 | Build | Lumber Camp |
| 23:36 | Queue | Villager (Male) |
| 23:46 | Build | Stone Wall |
| 23:47 | Build | Stone Wall |
| 23:47 | Build | Stone Wall |
| 24:09 | Build | Stone Wall |
| 24:10 | Queue | Villager (Male) |
| 24:16 | Queue | Villager (Male) |
| 24:21 | Build | Farm |
| 24:24 | Queue | Villager (Male) |
| 24:25 | Queue | Villager (Male) |
| 24:27 | Queue | Villager (Male) |
| 24:27 | Queue | Villager (Male) |
| 24:57 | Build | House |
| 24:58 | Build | House |
| 24:58 | Build | House |
| 24:59 | Build | House |
| 25:00 | Build | House |
| 25:05 | Build | House |
| 25:08 | Queue | Villager (Male) |
| 25:08 | Queue | Villager (Male) |
| 25:28 | Queue | Villager (Male) |
| 25:30 | Queue | Villager (Male) |
| 25:38 | Build | Farm |
| 25:39 | Build | Farm |
| 25:40 | Build | Farm |
| 25:42 | Build | Farm |
| 25:43 | Build | Farm |
| 25:45 | Build | Farm |
| 25:50 | Build | Farm |
| 25:53 | Build | Farm |
| 25:54 | Build | Farm |
| 25:55 | Build | Farm |
| 26:01 | Research | Loom |
| 26:06 | Queue | Spearman |
| 26:06 | Queue | Spearman |
| 26:08 | Queue | Spearman |
| 26:08 | Queue | Spearman |
| 26:18 | Build | House |
| 26:18 | Build | House |
| 26:19 | Build | House |
| 26:19 | Build | House |
| 26:33 | Queue | Villager (Male) |
| 26:34 | Queue | Villager (Male) |
| 26:40 | Build | Farm |
| 26:45 | Build | Farm |
| 26:47 | Queue | Villager (Male) |
| 26:52 | Queue | Spearman |
| 26:54 | Queue | Spearman |
| 26:58 | Queue | Spearman |
| 27:21 | Build | House |
| 27:21 | Build | House |
| 27:22 | Build | House |
| 27:23 | Build | House |
| 27:23 | Build | House |
| 27:23 | Build | House |
| 27:29 | Queue | Spearman |
Build order — Andresvq7
First 150 of 378 actions detected
| 0:03 | Research | Loom |
| 0:04 | Queue | Villager (Male) |
| 0:04 | Queue | Villager (Male) |
| 0:04 | Queue | Villager (Male) |
| 0:04 | Queue | Villager (Male) |
| 0:05 | Queue | Villager (Male) |
| 0:10 | Build | House |
| 0:13 | Build | House |
| 1:45 | Queue | Villager (Male) |
| 1:54 | Build | Mill |
| 2:16 | Queue | Villager (Male) |
| 2:54 | Queue | Villager (Male) |
| 3:24 | Queue | Villager (Male) |
| 3:42 | Queue | Villager (Male) |
| 4:05 | Build | House |
| 4:09 | Build | House |
| 4:12 | Queue | Villager (Male) |
| 4:39 | Queue | Villager (Male) |
| 5:02 | Build | Lumber Camp |
| 5:08 | Queue | Villager (Male) |
| 5:23 | Queue | Villager (Male) |
| 5:48 | Queue | Villager (Male) |
| 6:08 | Build | Farm |
| 6:35 | Queue | Villager (Male) |
| 7:00 | Queue | Villager (Male) |
| 7:04 | Build | Farm |
| 7:11 | Queue | Villager (Male) |
| 7:44 | Queue | Villager (Male) |
| 8:08 | Build | Farm |
| 8:15 | Queue | Villager (Male) |
| 8:39 | Research | Feudal Age |
| 9:30 | Build | Farm |
| 9:36 | Build | Farm |
| 9:53 | Build | House |
| 9:55 | Build | House |
| 9:57 | Build | House |
| 10:28 | Build | Barracks |
| 10:36 | Queue | Villager (Male) |
| 10:36 | Queue | Villager (Male) |
| 10:37 | Queue | Villager (Male) |
| 10:51 | Age | Feudal Age |
| 11:21 | Build | Farm |
| 11:29 | Research | Double-Bit Axe |
| 11:38 | Build | Stable |
| 11:52 | Build | Farm |
| 11:52 | Build | Farm |
| 11:59 | Queue | Villager (Male) |
| 12:30 | Build | Stable |
| 12:43 | Queue | Villager (Male) |
| 12:56 | Build | Mining Camp |
| 13:01 | Queue | Villager (Male) |
| 13:05 | Queue | Scout Cavalry |
| 13:05 | Queue | Scout Cavalry |
| 13:34 | Build | Market |
| 13:38 | Queue | Villager (Male) |
| 13:55 | Queue | Villager (Male) |
| 14:10 | Build | Blacksmith |
| 14:12 | Queue | Villager (Male) |
| 14:34 | Build | Farm |
| 14:37 | Queue | Villager (Male) |
| 14:53 | Research | Bloodlines |
| 15:03 | Build | Farm |
| 15:08 | Build | Farm |
| 15:21 | Build | Farm |
| 15:22 | Queue | Villager (Male) |
| 15:29 | Queue | Villager (Male) |
| 15:48 | Queue | Villager (Male) |
| 16:14 | Queue | Scout Cavalry ×2 |
| 16:20 | Build | House |
| 16:20 | Build | House |
| 16:27 | Build | House |
| 16:32 | Queue | Villager (Male) |
| 16:50 | Build | Farm |
| 17:16 | Build | Mill |
| 17:18 | Queue | Villager (Male) |
| 17:20 | Research | Wheelbarrow |
| 17:55 | Queue | Villager (Male) |
| 17:56 | Queue | Villager (Male) |
| 17:59 | Research | Scale Mail Armor |
| 18:10 | Build | Archery Range |
| 18:12 | Build | Archery Range |
| 18:27 | Queue | Villager (Male) |
| 18:59 | Research | Horse Collar |
| 19:05 | Research | Scale Barding Armor |
| 19:17 | Build | Farm |
| 19:22 | Queue | Villager (Male) |
| 19:41 | Queue | Skirmisher |
| 19:41 | Queue | Skirmisher |
| 19:41 | Queue | Skirmisher |
| 19:42 | Queue | Skirmisher |
| 19:47 | Queue | Skirmisher |
| 20:03 | Build | Mining Camp |
| 20:29 | Build | Farm |
| 20:34 | Queue | Villager (Male) |
| 20:37 | Queue | Villager (Male) |
| 20:57 | Research | Forging |
| 21:31 | Build | Farm |
| 21:46 | Queue | Villager (Male) |
| 21:54 | Queue | Skirmisher |
| 22:01 | Queue | Skirmisher |
| 22:17 | Research | Castle Age |
| 22:29 | Research | Stone Mining |
| 22:46 | Build | Stone Wall |
| 22:57 | Build | Stone Wall |
| 23:14 | Build | Stone Wall |
| 23:31 | Build | Stone Wall |
| 24:28 | Research | Fletching |
| 24:29 | Research | Padded Archer Armor |
| 24:37 | Research | Gold Mining |
| 24:57 | Age | Castle Age |
| 25:02 | Build | Castle |
| 25:16 | Research | Husbandry |
| 25:27 | Queue | Villager (Male) ×2 |
| 25:56 | Build | Gate |
| 26:27 | Queue | Villager (Male) |
| 26:27 | Queue | Villager (Male) |
| 26:27 | Queue | Villager (Male) |
| 26:27 | Queue | Villager (Male) |
| 26:38 | Build | Town Center |
| 26:45 | Queue | Obuch |
| 27:10 | Queue | Villager (Male) |
| 27:27 | Queue | Villager (Male) |
| 27:44 | Queue | Knight ×3 |
| 28:03 | Queue | Cavalry Archer ×5 |
| 28:34 | Research | Squires |
| 28:36 | Research | Pikeman (upgrade) |
| 28:37 | Queue | Spearman ×3 |
| 28:46 | Queue | Villager (Male) |
| 28:46 | Queue | Villager (Male) |
| 29:15 | Build | Gate |
| 29:31 | Queue | Villager (Male) |
| 29:31 | Queue | Villager (Male) |
| 30:14 | Queue | Villager (Male) ×5 |
| 30:47 | Queue | Villager (Male) |
| 30:47 | Queue | Villager (Male) |
| 30:53 | Research | Hand Cart |
| 30:56 | Research | Bodkin Arrow |
| 31:28 | Queue | Villager (Male) |
| 31:34 | Research | Leather Archer Armor |
| 31:48 | Queue | Obuch |
| 31:48 | Queue | Obuch |
| 31:48 | Queue | Obuch |
| 31:57 | Build | Siege Workshop |
| 32:19 | Queue | Villager (Male) |
| 32:20 | Queue | Villager (Male) |
| 32:20 | Queue | Villager (Male) |
| 32:20 | Queue | Villager (Male) |
| 33:01 | Research | Elite Skirmisher (upgrade) |
| 33:03 | Research | Thumb Ring |
| 33:19 | Queue | Villager (Male) |
Build order — MataLokas4216
First 150 of 523 actions detected
| 0:03 | Build | House |
| 0:05 | Build | House |
| 0:05 | Queue | Villager (Male) |
| 0:06 | Queue | Villager (Male) |
| 0:06 | Queue | Villager (Male) |
| 0:06 | Queue | Villager (Male) |
| 0:06 | Queue | Villager (Male) |
| 1:42 | Queue | Villager (Male) |
| 1:42 | Queue | Villager (Male) |
| 1:55 | Build | Lumber Camp |
| 2:00 | Queue | Villager (Male) |
| 2:01 | Queue | Villager (Male) |
| 2:22 | Queue | Villager (Male) |
| 2:23 | Queue | Villager (Male) |
| 2:54 | Queue | Villager (Male) |
| 2:54 | Queue | Villager (Male) |
| 3:08 | Queue | Villager (Male) |
| 3:08 | Queue | Villager (Male) |
| 3:14 | Research | Loom |
| 3:14 | Queue | Villager (Male) |
| 3:42 | Queue | Villager (Male) |
| 3:42 | Queue | Villager (Male) |
| 3:55 | Queue | Villager (Male) |
| 4:29 | Build | House |
| 4:37 | Build | House |
| 4:46 | Build | Mill |
| 4:58 | Queue | Villager (Male) |
| 4:58 | Queue | Villager (Male) |
| 5:11 | Queue | Villager (Male) |
| 5:11 | Queue | Villager (Male) |
| 5:11 | Queue | Villager (Male) |
| 5:46 | Queue | Villager (Male) |
| 6:05 | Queue | Villager (Male) |
| 7:07 | Queue | Villager (Male) |
| 7:52 | Queue | Villager (Male) |
| 8:08 | Build | Dock |
| 8:11 | Queue | Villager (Male) |
| 8:13 | Research | Feudal Age |
| 8:13 | Research | Feudal Age |
| 8:43 | Build | Lumber Camp |
| 9:13 | Build | Barracks |
| 9:16 | Queue | Villager (Male) |
| 10:11 | Build | House |
| 10:14 | Queue | Villager (Male) |
| 10:31 | Build | House |
| 10:36 | Age | Feudal Age |
| 10:47 | Build | Stable |
| 10:56 | Build | Farm |
| 10:57 | Build | Farm |
| 10:59 | Research | Double-Bit Axe |
| 11:02 | Queue | Villager (Male) |
| 11:04 | Queue | Villager (Male) |
| 11:17 | Build | Farm |
| 11:25 | Build | Farm |
| 11:27 | Queue | Villager (Male) |
| 11:36 | Queue | Fishing Ship |
| 11:40 | Queue | Villager (Male) |
| 11:45 | Queue | Scout Cavalry ×4 |
| 11:46 | Queue | Scout Cavalry ×4 |
| 11:53 | Queue | Villager (Male) |
| 12:08 | Build | Blacksmith |
| 12:12 | Queue | Villager (Male) |
| 12:18 | Build | Farm |
| 12:32 | Queue | Villager (Male) |
| 12:37 | Queue | Fishing Ship |
| 12:37 | Queue | Fishing Ship |
| 12:49 | Build | Mining Camp |
| 12:52 | Queue | Villager (Male) |
| 12:59 | Build | House |
| 13:02 | Queue | Villager (Male) |
| 13:10 | Build | House |
| 13:14 | Queue | Villager (Male) |
| 13:25 | Queue | Fishing Ship |
| 13:33 | Build | House |
| 13:38 | Build | House |
| 13:43 | Queue | Villager (Male) |
| 13:46 | Queue | Scout Cavalry |
| 14:09 | Queue | Villager (Male) |
| 14:27 | Build | Farm |
| 14:28 | Queue | Villager (Male) |
| 14:40 | Research | Forging |
| 15:14 | Queue | Villager (Male) |
| 15:32 | Build | Market |
| 15:35 | Build | House |
| 15:42 | Queue | Villager (Male) |
| 16:27 | Queue | Fishing Ship |
| 16:28 | Queue | Fishing Ship |
| 16:35 | Build | Farm |
| 16:36 | Build | Farm |
| 16:37 | Build | Farm |
| 16:37 | Build | Farm |
| 16:38 | Build | Farm |
| 16:38 | Build | Farm |
| 17:28 | Queue | Villager (Male) |
| 17:36 | Build | Mining Camp |
| 17:41 | Queue | Villager (Male) |
| 17:52 | Build | Archery Range |
| 18:05 | Build | Archery Range |
| 18:06 | Queue | Villager (Male) |
| 18:09 | Queue | Villager (Male) |
| 18:13 | Queue | Villager (Male) |
| 18:16 | Research | Castle Age |
| 18:29 | Queue | Villager (Male) |
| 18:39 | Queue | Fishing Ship |
| 18:39 | Queue | Fishing Ship |
| 18:43 | Research | Tech 906 |
| 18:44 | Queue | Fishing Ship |
| 18:44 | Queue | Fishing Ship |
| 18:56 | Queue | Villager (Male) |
| 19:19 | Build | Watch Tower |
| 19:26 | Queue | Skirmisher ×5 |
| 20:03 | Research | Wheelbarrow |
| 20:04 | Queue | Villager (Male) |
| 20:07 | Research | Horse Collar |
| 20:09 | Build | Farm |
| 20:12 | Research | Stone Mining |
| 20:12 | Research | Gold Mining |
| 20:19 | Build | House |
| 20:23 | Build | House |
| 20:32 | Research | Fletching |
| 21:01 | Research | Padded Archer Armor |
| 21:02 | Queue | Villager (Male) |
| 21:11 | Age | Castle Age |
| 21:20 | Build | Town Center |
| 21:27 | Queue | Cavalry Archer ×4 |
| 21:28 | Queue | Cavalry Archer ×4 |
| 21:28 | Queue | Cavalry Archer |
| 21:38 | Build | House |
| 21:46 | Queue | Villager (Male) |
| 21:57 | Queue | Villager (Male) |
| 22:09 | Queue | Villager (Male) |
| 22:20 | Build | Monastery |
| 22:31 | Queue | Villager (Male) |
| 22:54 | Queue | Villager (Male) |
| 23:13 | Queue | Villager (Male) |
| 23:20 | Research | Elite Skirmisher (upgrade) |
| 23:20 | Queue | Cavalry Archer ×3 |
| 23:20 | Queue | Cavalry Archer |
| 23:22 | Queue | Villager (Male) |
| 23:24 | Queue | Villager (Male) |
| 23:24 | Queue | Villager (Male) |
| 23:25 | Queue | Villager (Male) |
| 23:25 | Queue | Villager (Male) |
| 23:58 | Build | Castle |
| 24:00 | Queue | Villager (Male) |
| 24:01 | Queue | Villager (Male) |
| 24:01 | Queue | Villager (Male) |
| 24:02 | Queue | Villager (Male) |
| 24:11 | Queue | Villager (Male) |
| 24:16 | Queue | Villager (Male) |
Build order — tatomagallanes
First 150 of 367 actions detected
| 0:01 | Queue | Villager (Male) |
| 0:02 | Queue | Villager (Male) |
| 0:02 | Queue | Villager (Male) |
| 0:02 | Queue | Villager (Male) |
| 1:38 | Queue | Villager (Male) |
| 2:01 | Queue | Villager (Male) |
| 2:09 | Research | Loom |
| 2:38 | Queue | Villager (Male) |
| 3:07 | Queue | Villager (Male) |
| 3:24 | Queue | Villager (Male) |
| 3:56 | Build | Mill |
| 4:22 | Queue | Villager (Male) |
| 4:22 | Queue | Villager (Male) |
| 4:43 | Queue | Villager (Male) |
| 5:25 | Build | Lumber Camp |
| 5:28 | Queue | Villager (Male) |
| 5:42 | Queue | Villager (Male) |
| 6:14 | Queue | Villager (Male) |
| 6:14 | Queue | Villager (Male) |
| 7:17 | Queue | Villager (Male) |
| 7:40 | Queue | Villager (Male) |
| 7:40 | Queue | Villager (Male) |
| 7:48 | Build | Farm |
| 7:49 | Build | Farm |
| 7:53 | Queue | Villager (Male) |
| 8:00 | Build | Farm |
| 8:28 | Build | Mill |
| 8:33 | Queue | Villager (Male) |
| 8:39 | Build | Farm |
| 9:06 | Queue | Villager (Male) |
| 9:07 | Queue | Villager (Male) |
| 9:30 | Build | Mining Camp |
| 9:46 | Research | Feudal Age |
| 11:54 | Build | Barracks |
| 12:12 | Queue | Villager (Male) |
| 12:12 | Queue | Villager (Male) |
| 12:13 | Queue | Villager (Male) |
| 12:22 | Age | Feudal Age |
| 12:27 | Build | Blacksmith |
| 12:51 | Build | Stable |
| 13:37 | Research | Castle Age |
| 13:58 | Research | Gold Mining |
| 14:03 | Research | Double-Bit Axe |
| 14:05 | Research | Horse Collar |
| 14:13 | Build | Farm |
| 16:13 | Build | Farm |
| 16:15 | Build | Farm |
| 16:16 | Build | Farm |
| 16:17 | Age | Castle Age |
| 16:17 | Build | Farm |
| 16:24 | Build | Town Center |
| 16:54 | Build | Stone Wall |
| 17:08 | Build | Stone Wall |
| 17:11 | Queue | Knight |
| 17:11 | Queue | Knight |
| 17:12 | Queue | Knight |
| 17:27 | Build | Farm |
| 17:28 | Build | Farm |
| 17:29 | Build | Farm |
| 18:20 | Queue | Villager (Male) |
| 18:20 | Queue | Villager (Male) |
| 18:20 | Queue | Villager (Male) |
| 18:57 | Build | Mining Camp |
| 19:41 | Queue | Villager (Male) |
| 19:41 | Queue | Villager (Male) |
| 19:45 | Queue | Villager (Male) |
| 19:46 | Queue | Villager (Male) |
| 20:28 | Build | Farm |
| 20:30 | Queue | Villager (Male) |
| 20:30 | Queue | Villager (Male) |
| 21:08 | Build | Stone Wall |
| 21:17 | Research | Gold Shaft Mining |
| 21:19 | Queue | Villager (Male) |
| 21:20 | Queue | Villager (Male) |
| 21:26 | Build | Farm |
| 21:29 | Queue | Villager (Male) |
| 21:43 | Build | Farm |
| 21:44 | Build | Farm |
| 21:48 | Queue | Knight |
| 21:48 | Queue | Knight |
| 22:22 | Research | Wheelbarrow |
| 22:31 | Build | Town Center |
| 22:35 | Queue | Villager (Male) |
| 22:35 | Queue | Villager (Male) |
| 22:40 | Build | Farm |
| 22:41 | Build | Farm |
| 22:44 | Queue | Villager (Male) |
| 22:50 | Research | Heavy Plow |
| 22:54 | Research | Bow Saw |
| 23:15 | Build | Farm |
| 23:25 | Build | Farm |
| 23:33 | Build | Farm |
| 23:39 | Queue | Villager (Male) |
| 23:39 | Queue | Villager (Male) |
| 23:47 | Queue | Villager (Male) |
| 23:47 | Queue | Villager (Male) |
| 23:54 | Build | Farm |
| 24:23 | Build | Stone Wall |
| 25:01 | Research | Bloodlines |
| 25:02 | Research | Husbandry |
| 25:07 | Research | Hand Cart |
| 25:09 | Queue | Villager (Male) |
| 25:09 | Queue | Villager (Male) |
| 25:35 | Build | Market |
| 26:29 | Build | Farm |
| 26:32 | Queue | Villager (Male) |
| 26:32 | Queue | Villager (Male) |
| 26:36 | Queue | Villager (Male) |
| 26:36 | Queue | Villager (Male) |
| 26:40 | Queue | Villager (Male) |
| 26:40 | Queue | Villager (Male) |
| 26:44 | Research | Caravan |
| 26:45 | Queue | Trade Cart |
| 26:46 | Queue | Trade Cart |
| 26:46 | Queue | Trade Cart |
| 27:43 | Build | University |
| 27:56 | Build | Farm |
| 28:01 | Build | Farm |
| 28:03 | Queue | Villager (Male) |
| 28:04 | Queue | Villager (Male) |
| 28:16 | Build | Gate |
| 28:23 | Build | Gate |
| 28:30 | Build | Farm |
| 28:33 | Queue | Villager (Male) |
| 28:33 | Queue | Villager (Male) |
| 29:11 | Build | Archery Range |
| 29:24 | Research | Ballistics |
| 29:43 | Queue | Villager (Male) |
| 29:43 | Queue | Villager (Male) |
| 29:43 | Queue | Villager (Male) |
| 29:44 | Queue | Villager (Male) |
| 30:09 | Queue | Skirmisher |
| 30:09 | Queue | Skirmisher |
| 30:18 | Build | Archery Range |
| 30:27 | Research | Padded Archer Armor |
| 30:42 | Queue | Skirmisher |
| 31:06 | Queue | Knight |
| 31:06 | Queue | Knight |
| 31:07 | Queue | Knight |
| 31:07 | Queue | Knight |
| 31:10 | Queue | Skirmisher |
| 31:10 | Queue | Skirmisher |
| 31:20 | Build | Archery Range |
| 31:26 | Research | Elite Skirmisher (upgrade) |
| 31:38 | Queue | Villager (Male) |
| 31:39 | Queue | Villager (Male) |
| 31:39 | Queue | Villager (Male) |
| 31:42 | Research | Town Watch |
| 31:48 | Queue | Skirmisher |
| 31:56 | Queue | Skirmisher |
Build order — Salvatoremancuso
First 150 of 586 actions detected
| 0:01 | Queue | Villager (Male) |
| 0:02 | Queue | Villager (Male) |
| 0:02 | Queue | Villager (Male) |
| 0:02 | Queue | Villager (Male) |
| 0:02 | Queue | Villager (Male) |
| 0:05 | Build | House |
| 0:07 | Build | House |
| 1:41 | Queue | Villager (Male) |
| 1:41 | Queue | Villager (Male) |
| 3:13 | Queue | Villager (Male) |
| 3:13 | Queue | Villager (Male) |
| 3:14 | Queue | Villager (Male) |
| 3:14 | Queue | Villager (Male) |
| 3:14 | Queue | Villager (Male) |
| 3:14 | Queue | Villager (Male) |
| 4:11 | Queue | Villager (Male) |
| 4:12 | Queue | Villager (Male) |
| 4:12 | Queue | Villager (Male) |
| 4:56 | Queue | Villager (Male) |
| 5:05 | Build | House |
| 5:20 | Build | Mill |
| 6:23 | Queue | Villager (Male) |
| 6:23 | Queue | Villager (Male) |
| 6:23 | Queue | Villager (Male) |
| 6:23 | Queue | Villager (Male) |
| 6:24 | Queue | Villager (Male) |
| 7:19 | Build | Lumber Camp |
| 8:00 | Research | Feudal Age |
| 9:04 | Build | Farm |
| 9:05 | Build | Farm |
| 9:39 | Queue | Villager (Male) |
| 9:40 | Queue | Villager (Male) |
| 9:40 | Queue | Villager (Male) |
| 9:40 | Queue | Villager (Male) |
| 10:10 | Age | Feudal Age |
| 10:17 | Build | House |
| 10:54 | Research | Horse Collar |
| 10:57 | Research | Double-Bit Axe |
| 11:07 | Build | Farm |
| 11:09 | Build | Farm |
| 11:51 | Build | House |
| 11:58 | Queue | Villager (Male) |
| 12:19 | Queue | Villager (Male) |
| 12:32 | Build | Blacksmith |
| 12:40 | Build | House |
| 12:47 | Queue | Villager (Male) |
| 12:50 | Queue | Villager (Male) |
| 13:10 | Build | Mining Camp |
| 13:52 | Queue | Villager (Male) |
| 14:05 | Build | Market |
| 14:20 | Queue | Villager (Male) |
| 14:31 | Build | Farm |
| 14:32 | Build | Farm |
| 14:33 | Build | Farm |
| 14:33 | Build | Farm |
| 15:17 | Build | Barracks |
| 15:32 | Queue | Villager (Male) |
| 15:41 | Research | Castle Age |
| 15:51 | Build | Mining Camp |
| 15:57 | Research | Stone Mining |
| 16:16 | Queue | Militia |
| 16:16 | Queue | Militia |
| 16:44 | Research | Man-at-Arms (upgrade) |
| 17:00 | Build | Farm |
| 17:00 | Build | Farm |
| 17:07 | Build | Archery Range |
| 17:11 | Build | House |
| 17:12 | Build | House |
| 17:58 | Research | Arson |
| 18:02 | Queue | Militia |
| 18:02 | Queue | Militia |
| 18:03 | Queue | Militia |
| 18:03 | Queue | Militia |
| 18:09 | Queue | Spearman |
| 18:09 | Queue | Spearman |
| 18:19 | Queue | Villager (Male) |
| 18:36 | Queue | Villager (Male) |
| 18:37 | Queue | Villager (Male) |
| 18:37 | Age | Castle Age |
| 19:31 | Build | House |
| 19:34 | Build | House |
| 19:35 | Build | House |
| 19:36 | Build | House |
| 19:37 | Build | House |
| 19:39 | Build | House |
| 19:42 | Build | House |
| 19:44 | Build | House |
| 19:46 | Queue | Villager (Male) |
| 19:46 | Queue | Villager (Male) |
| 19:47 | Queue | Villager (Male) |
| 19:47 | Queue | Villager (Male) |
| 19:47 | Queue | Villager (Male) |
| 19:58 | Build | Mill |
| 20:00 | Build | Farm |
| 20:00 | Build | Farm |
| 20:00 | Build | Farm |
| 20:02 | Build | Farm |
| 20:03 | Build | Farm |
| 20:52 | Research | Forging |
| 20:53 | Research | Scale Mail Armor |
| 21:46 | Queue | Villager (Male) |
| 21:47 | Queue | Villager (Male) |
| 21:47 | Queue | Villager (Male) |
| 21:54 | Research | Long Swordsman (upgrade) |
| 21:55 | Queue | Militia |
| 21:56 | Queue | Militia |
| 21:57 | Queue | Militia |
| 21:58 | Queue | Militia |
| 22:11 | Build | Town Center |
| 22:22 | Research | Gambesons |
| 22:23 | Research | Squires |
| 22:37 | Queue | Villager (Male) |
| 22:38 | Queue | Villager (Male) |
| 22:54 | Research | Heavy Plow |
| 23:04 | Queue | Villager (Male) |
| 23:05 | Queue | Villager (Male) |
| 23:31 | Build | Castle |
| 23:48 | Build | House |
| 23:50 | Build | House |
| 23:51 | Build | House |
| 23:52 | Build | House |
| 23:53 | Build | House |
| 23:55 | Build | House |
| 23:58 | Queue | Villager (Male) |
| 23:58 | Queue | Villager (Male) |
| 24:02 | Queue | Militia |
| 24:02 | Queue | Militia |
| 24:03 | Queue | Militia |
| 24:03 | Queue | Militia |
| 24:05 | Queue | Spearman |
| 24:05 | Queue | Spearman |
| 24:05 | Queue | Spearman |
| 24:06 | Queue | Spearman |
| 24:22 | Build | Farm |
| 24:23 | Build | Farm |
| 24:24 | Build | Farm |
| 24:25 | Build | Farm |
| 24:31 | Queue | Villager (Male) |
| 24:31 | Queue | Villager (Male) |
| 24:40 | Build | Barracks |
| 24:52 | Queue | Villager (Male) |
| 24:52 | Queue | Villager (Male) |
| 24:53 | Queue | Villager (Male) |
| 24:53 | Queue | Villager (Male) |
| 24:53 | Queue | Villager (Male) |
| 25:30 | Research | Chain Mail Armor |
| 25:40 | Queue | Berserk |
| 25:40 | Queue | Berserk |
| 25:48 | Queue | Villager (Male) |
| 25:48 | Queue | Villager (Male) |
Build order — felipegarcia92
First 150 of 691 actions detected
| 0:02 | Queue | Villager (Male) |
| 0:02 | Queue | Villager (Male) |
| 0:02 | Queue | Villager (Male) |
| 0:03 | Queue | Villager (Male) |
| 0:06 | Build | House |
| 0:08 | Build | House |
| 1:28 | Queue | Villager (Male) |
| 1:28 | Queue | Villager (Male) |
| 1:54 | Queue | Villager (Male) |
| 2:28 | Queue | Villager (Male) |
| 2:29 | Queue | Villager (Male) |
| 2:58 | Queue | Villager (Male) |
| 3:08 | Queue | Villager (Male) |
| 3:32 | Build | House |
| 3:36 | Build | Mill |
| 3:50 | Queue | Villager (Male) |
| 3:50 | Queue | Villager (Male) |
| 4:29 | Queue | Villager (Male) |
| 4:29 | Queue | Villager (Male) |
| 5:05 | Queue | Villager (Male) |
| 5:05 | Queue | Villager (Male) |
| 5:06 | Queue | Villager (Male) |
| 5:50 | Build | Lumber Camp |
| 5:53 | Queue | Villager (Male) |
| 6:31 | Queue | Villager (Male) |
| 6:31 | Queue | Villager (Male) |
| 6:31 | Queue | Villager (Male) |
| 6:32 | Queue | Villager (Male) |
| 6:45 | Build | House |
| 6:50 | Queue | Villager (Male) |
| 7:11 | Queue | Villager (Male) |
| 7:34 | Build | Mill |
| 8:22 | Build | Mining Camp |
| 8:25 | Queue | Villager (Male) |
| 9:05 | Build | Mining Camp |
| 9:18 | Research | Feudal Age |
| 9:36 | Build | House |
| 9:42 | Build | House |
| 9:57 | Build | Barracks |
| 10:28 | Research | Loom |
| 10:58 | Build | Dock |
| 11:06 | Queue | Villager (Male) |
| 11:06 | Queue | Villager (Male) |
| 11:11 | Queue | Militia |
| 11:12 | Queue | Militia |
| 11:12 | Queue | Militia |
| 11:13 | Queue | Militia |
| 11:36 | Age | Feudal Age |
| 12:03 | Build | Stable |
| 12:05 | Build | House |
| 12:17 | Build | Blacksmith |
| 12:42 | Queue | Villager (Male) |
| 12:58 | Build | Farm |
| 13:13 | Build | Farm |
| 13:15 | Build | Farm |
| 13:28 | Queue | Villager (Male) |
| 13:29 | Queue | Villager (Male) |
| 13:36 | Queue | Scout Cavalry |
| 13:36 | Queue | Scout Cavalry |
| 13:36 | Queue | Scout Cavalry |
| 13:39 | Research | Bloodlines |
| 13:56 | Build | Farm |
| 14:04 | Queue | Villager (Male) |
| 14:11 | Queue | Spearman |
| 14:11 | Queue | Spearman |
| 14:26 | Queue | Fishing Ship |
| 14:33 | Build | Farm |
| 14:35 | Queue | Villager (Male) |
| 14:46 | Build | Farm |
| 15:02 | Queue | Villager (Male) |
| 15:11 | Queue | Fishing Ship |
| 15:17 | Build | House |
| 15:45 | Queue | Villager (Male) |
| 15:46 | Queue | Villager (Male) |
| 15:52 | Queue | Fishing Ship |
| 16:01 | Build | Farm |
| 16:13 | Build | Lumber Camp |
| 16:16 | Queue | Villager (Male) |
| 16:23 | Build | Farm |
| 16:40 | Build | Farm |
| 17:01 | Queue | Villager (Male) |
| 17:07 | Build | Farm |
| 17:17 | Build | House |
| 17:27 | Build | House |
| 18:24 | Queue | Fishing Ship |
| 18:27 | Research | Castle Age |
| 18:41 | Build | Farm |
| 18:48 | Queue | Fishing Ship |
| 19:03 | Research | Double-Bit Axe |
| 19:05 | Research | Horse Collar |
| 19:15 | Queue | Spearman |
| 19:26 | Queue | Fishing Ship |
| 20:00 | Queue | Spearman |
| 20:00 | Queue | Spearman |
| 20:02 | Queue | Spearman |
| 20:03 | Queue | Scout Cavalry |
| 20:04 | Queue | Scout Cavalry |
| 20:46 | Research | Forging |
| 20:49 | Queue | Villager (Male) |
| 20:49 | Queue | Villager (Male) |
| 20:52 | Queue | Villager (Male) |
| 20:57 | Build | Farm |
| 21:07 | Age | Castle Age |
| 21:09 | Queue | Fishing Ship |
| 21:10 | Queue | Fishing Ship |
| 21:41 | Build | Town Center |
| 21:43 | Queue | Spearman |
| 21:44 | Queue | Spearman |
| 21:44 | Queue | Spearman |
| 22:11 | Build | House |
| 22:11 | Build | House |
| 22:11 | Build | House |
| 22:11 | Build | House |
| 22:21 | Build | House |
| 22:22 | Build | House |
| 22:25 | Queue | Villager (Male) |
| 22:29 | Research | Wheelbarrow |
| 22:36 | Queue | Villager (Male) |
| 22:37 | Queue | Villager (Male) |
| 22:37 | Queue | Villager (Male) |
| 22:42 | Research | Pikeman (upgrade) |
| 22:42 | Research | Squires |
| 22:58 | Build | Barracks |
| 23:14 | Build | House |
| 23:15 | Build | House |
| 23:16 | Build | House |
| 23:16 | Build | House |
| 23:27 | Build | Market |
| 24:09 | Queue | Villager (Male) |
| 24:09 | Queue | Villager (Male) |
| 24:16 | Queue | Villager (Male) |
| 24:22 | Build | Farm |
| 24:33 | Research | Hand Cart |
| 24:39 | Queue | Spearman |
| 24:57 | Build | Castle |
| 25:04 | Queue | Villager (Male) |
| 25:08 | Build | Farm |
| 25:08 | Build | Farm |
| 25:12 | Research | Husbandry |
| 25:13 | Research | Light Cavalry (upgrade) |
| 25:33 | Queue | Villager (Male) |
| 25:33 | Queue | Villager (Male) |
| 25:45 | Queue | Fishing Ship |
| 25:46 | Queue | Fishing Ship |
| 26:00 | Build | Lumber Camp |
| 26:17 | Queue | Spearman |
| 26:17 | Queue | Spearman |
| 26:21 | Queue | Scout Cavalry |
| 26:21 | Queue | Scout Cavalry |
| 26:21 | Queue | Scout Cavalry |
Match timeline
| 5:43 | GuilleLeopold17 · first_building Dock |
| 5:44 | nacho.joyita · first_building Dock |
| 8:08 | MataLokas4216 · first_building Dock |
| 9:13 | MataLokas4216 · first_building Barracks |
| 9:57 | felipegarcia92 · first_building Barracks |
| 10:10 | Salvatoremancuso · age_up feudal |
| 10:13 | nacho.joyita · age_up feudal |
| 10:17 | nacho.joyita · first_building Barracks |
| 10:18 | GuilleLeopold17 · age_up feudal |
| 10:27 | GuilleLeopold17 · first_building Barracks |
| 10:28 | Andresvq7 · first_building Barracks |
| 10:29 | vitavidal91 · age_up feudal |
| 10:36 | MataLokas4216 · age_up feudal |
| 10:47 | GuilleLeopold17 · wall_segment Stone Wall x7 |
| 10:47 | MataLokas4216 · first_building Stable |
| 10:51 | Andresvq7 · age_up feudal |
| 10:58 | felipegarcia92 · first_building Dock |
| 11:07 | nacho.joyita · first_building Stable |
| 11:36 | felipegarcia92 · age_up feudal |
| 11:38 | Andresvq7 · first_building Stable |
| 11:49 | vitavidal91 · wall_segment Stone Wall x11 |
| 11:54 | tatomagallanes · first_building Barracks |
| 12:03 | felipegarcia92 · first_building Stable |
| 12:04 | vitavidal91 · wall_segment Stone Wall x11 |
| 12:18 | GuilleLeopold17 · first_building Archery Range |
| 12:22 | tatomagallanes · age_up feudal |
| 12:26 | GuilleLeopold17 · wall_segment Stone Wall x5 |
| 12:51 | tatomagallanes · first_building Stable |
| 14:18 | vitavidal91 · first_building Barracks |
| 15:17 | Salvatoremancuso · first_building Barracks |
| 15:38 | Salvatoremancuso · first_market_sell 100 food |
| 16:05 | Andresvq7 · first_market_sell 100 wood |
| 16:07 | Andresvq7 · first_market_buy 100 food |
| 16:11 | vitavidal91 · wall_segment Stone Wall x1 |
| 16:17 | tatomagallanes · age_up castle |
| 16:54 | tatomagallanes · wall_segment Stone Wall x14 |
| 17:07 | Salvatoremancuso · first_building Archery Range |
| 17:08 | tatomagallanes · wall_segment Stone Wall x11 |
| 17:19 | GuilleLeopold17 · age_up castle |
| 17:34 | vitavidal91 · age_up castle |
| 17:38 | vitavidal91 · wall_segment Stone Wall x9 |
| 17:48 | nacho.joyita · first_market_sell 100 wood |
| 17:51 | nacho.joyita · first_market_buy 100 food |
| 17:52 | MataLokas4216 · first_building Archery Range |
| 18:10 | Andresvq7 · first_building Archery Range |
| 18:37 | Salvatoremancuso · age_up castle |
| 19:17 | GuilleLeopold17 · first_building Monastery |
| 19:47 | vitavidal91 · wall_segment Stone Wall x17 |
| 19:56 | nacho.joyita · first_building Archery Range |
| 20:59 | nacho.joyita · age_up castle |
| 21:03 | nacho.joyita · first_building Monastery |
| 21:07 | felipegarcia92 · age_up castle |
| 21:08 | tatomagallanes · wall_segment Stone Wall x10 |
| 21:11 | MataLokas4216 · age_up castle |
| 22:20 | MataLokas4216 · first_building Monastery |
| 22:23 | vitavidal91 · wall_segment Stone Wall x8 |
| 22:25 | nacho.joyita · first_building Siege Workshop |
| 22:46 | Andresvq7 · wall_segment Stone Wall x14 |
| 22:57 | Andresvq7 · wall_segment Stone Wall x12 |
| 23:14 | Andresvq7 · wall_segment Stone Wall x13 |
| 23:31 | Andresvq7 · wall_segment Stone Wall x21 |
| 23:31 | Salvatoremancuso · first_building Castle |
| 23:46 | vitavidal91 · wall_segment Stone Wall x11 |
| 23:47 | vitavidal91 · wall_segment Stone Wall x1 |
| 23:47 | vitavidal91 · wall_segment Stone Wall x1 |
| 23:58 | MataLokas4216 · first_building Castle |
| 24:09 | vitavidal91 · wall_segment Stone Wall x1 |
| 24:23 | tatomagallanes · wall_segment Stone Wall x10 |
| 24:57 | felipegarcia92 · first_building Castle |
| 24:57 | Andresvq7 · age_up castle |
| 25:02 | Andresvq7 · first_building Castle |
| 26:51 | felipegarcia92 · wall_segment Stone Wall x1 |
| 26:54 | felipegarcia92 · wall_segment Stone Wall x3 |
| 27:07 | felipegarcia92 · wall_segment Stone Wall x17 |
| 27:44 | MataLokas4216 · first_building Siege Workshop |
| 28:03 | GuilleLeopold17 · first_building Castle |
| 29:03 | vitavidal91 · first_building Castle |
| 29:11 | tatomagallanes · first_building Archery Range |
| 29:24 | nacho.joyita · first_building Castle |
| 29:30 | Salvatoremancuso · first_building Siege Workshop |
| 30:00 | vitavidal91 · first_building Siege Workshop |
| 31:57 | Andresvq7 · first_building Siege Workshop |
| 32:22 | MataLokas4216 · first_market_sell 100 wood |
| 32:46 | tatomagallanes · first_building Monastery |
| 32:57 | GuilleLeopold17 · first_building Siege Workshop |
| 33:13 | Salvatoremancuso · age_up imperial |
| 33:43 | GuilleLeopold17 · first_market_sell 100 stone |
| 33:46 | GuilleLeopold17 · first_market_buy 100 food |
| 36:04 | MataLokas4216 · age_up imperial |
| 36:19 | vitavidal91 · first_market_sell 100 food |
| 36:53 | tatomagallanes · age_up imperial |
| 36:57 | tatomagallanes · wall_segment Stone Wall x1 |
| 37:02 | GuilleLeopold17 · age_up imperial |
| 42:10 | nacho.joyita · age_up imperial |
| 50:08 | vitavidal91 · age_up imperial |
| 51:21 | Salvatoremancuso · first_market_buy 100 stone |
| 53:05 | Andresvq7 · wall_segment Stone Wall x9 |
| 53:39 | felipegarcia92 · first_building Monastery |
| 53:41 | GuilleLeopold17 · first_building Stable |
| 58:04 | vitavidal91 · wall_segment Stone Wall x2 |
| 58:53 | Andresvq7 · wall_segment Stone Wall x11 |
| 60:07 | vitavidal91 · first_building Monastery |
| 61:20 | tatomagallanes · first_market_sell 500 wood |
| 67:39 | nacho.joyita · resign |
| 68:06 | felipegarcia92 · age_up imperial |
| 69:46 | vitavidal91 · tribute_sent a jugador 1 |
| 69:46 | vitavidal91 · tribute_sent a jugador 3 |
| 69:46 | vitavidal91 · tribute_sent a jugador 4 |
| 69:46 | vitavidal91 · tribute_sent a jugador 5 |
| 69:46 | vitavidal91 · tribute_sent a jugador 6 |
| 69:46 | vitavidal91 · tribute_sent a jugador 7 |
| 69:46 | vitavidal91 · tribute_sent a jugador 8 |
[ AI ANALYSIS · 1 CREDIT ]
What really happened in this match?
Wolo.gg analyzes every decision: build order, eco, micro, common mistakes by bracket. Personalized analysis on WhatsApp or Discord in 30 seconds.
Civ guide
Jurchens
Perfil
Jugador #1901962